 Dungeon Crawl Stone Soup version 0.26.0-91-g99b343417d (webtiles) character file.

Game seed: 10209289483909793271

128 Gadfly the Sneak (level 4, -3/25 HPs)
             Began as a Vampire Enchanter on Feb 4, 2021.
             Slain by a gnoll
             ... wielding a +0 spear
              (7 damage)
             ... on level 4 of the Dungeon.
             The game lasted 00:06:02 (3955 turns).

Gadfly the Sneak (Vampire Enchanter)                Turns: 3955, Time: 00:06:02

Health: -3/25      AC:  3    Str:  6 (7)  XL:     4   Next: 87%
Magic:  3/7        EV: 13    Int: 17      God:
Gold:   117        SH:  0    Dex: 13 (15) Spells: 2/8 levels left

rFire    . . .     SeeInvis +   a - +1 dagger
rCold    + + .     Faith    .   (no shield)
rNeg     + + +     Spirit   .   b - +1 robe
rPois    ∞         Reflect  .   (no helmet)
rElec    .         Harm     .   (no cloak)
rCorr    .         Rampage  .   (no gloves)
Will     .....                  (no boots)
Stlth    +++++.....             (no amulet)
HPRegen  0.00/turn              d - ring of ice
MPRegen  0.10/turn              c - ring of fire

@: bloodless
A: fangs 3, see invisible, unbreathing
a: Bat Form, Revivify


You were on level 4 of the Dungeon.
You visited 1 branch of the dungeon, and saw 4 of its levels.

You collected 117 gold pieces.

Inventory:

Hand Weapons
 a - a +1 dagger (weapon)
Armour
 b - a +1 robe (worn)
 m - a +0 buckler
Jewellery
 c - a ring of fire (right hand)
 d - a ring of ice (left hand)
Scrolls
 e - a scroll of random uselessness {unknown}
 g - 3 scrolls of teleportation
 i - 2 scrolls of blinking
 j - a scroll of enchant armour
 n - a scroll of amnesia {unknown}
 o - a scroll of magic mapping {unknown}
 p - a scroll of identify
Potions
 f - a potion of brilliance
 h - a potion of magic
 l - 2 potions of heal wounds {unknown}


   Skills:
 + Level 1.1 Fighting
 * Level 2.0 Short Blades
 * Level 3.1 Dodging
 + Level 5.0 Stealth
 * Level 2.6 Spellcasting
 + Level 4.7 Hexes
 * Level 1.7 Evocations


You had 2 spell levels left.
You knew the following spells:

 Your Spells              Type           Power        Failure   Level
a - Corona                Hex            20%          2%          1
b - Ensorcelled Hibernat  Hex/Ice        30%          11%         2
c - Confusing Touch       Hex            18%          8%          3

Your spell library contained the following spells:

 Spells                   Type           Power        Failure   Level
 Tukima's Dance           Hex            18%          8%          3
 Dazzling Flash           Conj/Hex       20%          21%         3


Dungeon Overview and Level Annotations

Branches:
Dungeon (4/15)
 Temple: D:4-7

Altars:
Ashenzari
Elyvilon
Sif Muna

Annotations:
D:3 3 runed translucent doors, Gadfly's ghost, amateur OgGl


Innate Abilities, Weirdness & Mutations

You do not regenerate when monsters are visible.
You are frail without blood (-20% HP).
You can heal yourself when you bite living creatures.
You are immune to poison.
You have razor-sharp teeth.
You have supernaturally acute eyesight. (SInv)
You can survive without breathing.


Message History

The gnoll hits you with a +0 spear.
You hit the gnoll.
The gnoll is heavily wounded.
The gnoll hits you with a +0 spear.
* * * LOW HITPOINT WARNING * * *
You closely miss the gnoll. Your bite misses the gnoll.
The gnoll is heavily wounded.
The gnoll hits you with a +0 spear.
* * * LOW HITPOINT WARNING * * *
The gnoll hits you from afar with a +0 spear.
* * * LOW HITPOINT WARNING * * *
You see here a +0 whip.
Unknown command.
There is a stone staircase leading up here.
You feel better.
The gnoll hits you from afar with a +0 spear!
* * * LOW HITPOINT WARNING * * *
Okay, then.
The gnoll hits you from afar with a +0 spear!
You die...

##..## ##..##
#..## ##.##
######## ##.##
.###......###.##
............g##
.............#
..........@..#
.............#
.............#
..............#
..............#
....>.........#
..............#
..............#


You could see a gnoll.

Vanquished Creatures
  An orc priest (D:3)
  2 gnolls (D:4)
  2 adders
  An ooze (D:1)
  2 worms
  A leopard gecko (D:1)
  8 orcs
  2 giant cockroaches
  5 goblins
  5 hobgoblins
  6 kobolds
  A quokka (D:2)
  3 frilled lizards
  5 rats
44 creatures vanquished.

Notes
Turn   | Place    | Note
-------+----------+-------------------------------------------
     0 | D:1      | Gadfly the Vampire Enchanter began the quest for the Orb.
     0 | D:1      | Reached XP level 1. HP: 13/13 MP: 3/3
    91 | D:1      | Reached XP level 2. HP: 6/19 MP: 3/5
    94 | D:1      | Learned a level 2 spell: Ensorcelled Hibernation
  1399 | D:2      | Reached skill level 1 in Evocations
  1671 | D:2      | Reached XP level 3. HP: 20/20 MP: 6/6
  2063 | D:2      | Found a white marble altar of Elyvilon.
  2063 | D:2      | Found a broken altar of Ashenzari.
  2190 | D:3      | Found a runed translucent gate.
  2195 | D:3      | Found a runed translucent gate.
  2196 | D:3      | Found a runed translucent gate.
  2196 | D:3      | Noticed Gadfly's ghost (amateur OgGl)
  2417 | D:3      | HP: 1/20 [orc/+0 short sword (6)]
  2892 | D:3      | Learned a level 3 spell: Confusing Touch
  3051 | D:3      | Found a shimmering blue altar of Sif Muna.
  3175 | D:2      | Reached XP level 4. HP: 16/24 MP: 1/7
  3514 | D:3      | Reached skill level 1 in Fighting
  3927 | D:4      | Reached skill level 5 in Stealth
  3938 | D:4      | HP: 1/25 [gnoll/+0 spear (4)]
  3955 | D:4      | Slain by a gnoll

Illustrated notes

Levels and vault maps discovered:
D:1:      kennysheep_arrival_forest, layout_basic, hangedman_feature_mirror
D:2:      layout_loops_ring, gammafunk_temple_overflow_wave
D:3:      layout_loops_cross, ebering_ghost_rock_garden, lemuel_blue_sif_altar
D:4:      layout_cave_pods, uniq_eustachio, uniq_edmund

Skill      XL: |  1  2  3  4 |
---------------+-------------+-----
Evocations     | 1 |  1.7
Fighting       | 1 |  1.1
Dodging        | 3 |  3.1
Short Blades   | 2 |  2.0
Stealth        | 5 |  5.0
Spellcasting   | |  2.6
Hexes          | |  4.7

Action                   |  1- 3 |  4- 6 || total
-------------------------+-------+-------++-------
Melee: Dagger            |    81 |    41 ||   122
       Bite              |     4 |     1 ||     5
 Cast: Corona            |     1 |       ||     1
       Ensorcelled Hiber |    23 |     7 ||    30
 Abil: Exsanguinate      |     1 |       ||     1
  Use: Scroll            |     8 |     1 ||     9
       Potion            |     1 |     1 ||     2
 Stab: Sleeping          |    26 |     6 ||    32
Armor: Robe              |    11 |     4 ||    15
Dodge: Dodged            |    38 |    21 ||    59
